 Dungeon Crawl Stone Soup version 0.18.1-8-gdd0e5ea (webtiles) character file.

106 juanjsm the Insei (level 4, -11/30 HPs)
             Began as an Octopode Transmuter on June 7, 2016.
             Mangled by a worm (12 damage)
             ... on level 2 of the Dungeon.
             The game lasted 00:07:59 (2104 turns).

juanjsm the Insei (Octopode Transmuter)             Turns: 2104, Time: 00:08:01

Health: -11/30     AC:  1    Str: 14    XL:     4   Next: 84%
Magic:  7/7        EV: 12    Int: 16    God:
Gold:   88         SH:  0    Dex: 12    Spells: 2 memorised, 4 levels left

rFire  . . .     SeeInvis .       - Unarmed
rCold  . . .     Gourm    .     (no shield)
rNeg   . . .     Faith    .     (helmet restricted)
rPois  .         Spirit   .     (no amulet)
rElec  .         Dismiss  .     (no ring)
rCorr  .         Reflect  .     (no ring)
SustAt .         Harm     .     (no ring)
MR     .....                    (no ring)
Stlth  +++.......               (no ring)
                                (no ring)
                                (no ring)
                                (no ring)

@: mighty, lethally poisoned (-11 -> -15), not resistant to hostile
enchantments, fairly stealthy
A: almost no armour, amphibious, 8 rings, constrict 8, camouflage 1, robust 1,
gelatinous body 1, MP-powered wands
a: no special abilities


You were on level 2 of the Dungeon.
You were not hungry.

You visited 1 branch of the dungeon, and saw 3 of its levels.

You collected 88 gold pieces.

Inventory:

Missiles
 a - 51 arrows
 f - 41 sling bullets
Scrolls
 e - a scroll of magic mapping {unknown}
 g - 2 scrolls of remove curse {unknown}
 m - a scroll of enchant weapon {unknown}
Potions
 i - a potion of curing
 j - a potion of ambrosia {unknown}
 k - a potion of agility {unknown}
 l - a potion of might
 n - 2 potions of magic {unknown}
 o - a potion of heal wounds {unknown}
Books
 b - a book of Changes

   Spells                             Type                      Level
   a - Beastly Appendage              Transmutation                1
   b - Sticks to Snakes               Transmutation                2
   c - Spider Form                    Transmutation/Poison         3
   d - Ice Form                       Ice/Transmutation            4
   e - Blade Hands                    Transmutation                5
Comestibles
 c - a bread ration
 d - a meat ration


   Skills:
 - Level 1.0 Fighting
 + Level 2.5 Dodging
 + Level 2.3 Stealth
 + Level 3.9 Unarmed Combat
 + Level 2.5 Spellcasting
 * Level 2.7 Transmutations


You had 4 spell levels left.
You knew the following spells:

 Your Spells              Type           Power        Failure   Level  Hunger
a - Beastly Appendage     Trmt           ##....       10%         1    #......
b - Spider Form           Trmt/Pois      #.........   38%         3    ###....


Dungeon Overview and Level Annotations

Branches:
Dungeon (3/15)

Altars:

Annotations:
D:3 M4edhros's ghost, weakling OpAr


Innate Abilities, Weirdness & Mutations

You cannot wear most types of armour.
You are amphibious.
You can wear up to eight rings at the same time.
You can use your tentacles to constrict eight enemies at once.
Your skin changes colour to match your surroundings (Stealth).
Your rubbery body absorbs attacks (AC +1).
You are robust (+10% HP).
You expend magic power (3 MP) to strengthen your wands.


Message History

* * * LOW HITPOINT WARNING * * *
You tentacle-slap the goblin. Your grab misses the goblin.
The goblin is severely wounded.
You constrict the worm. The goblin hits you but does no damage.
You closely miss the goblin. Your grab misses the goblin.
The goblin is severely wounded.
You constrict the worm. The goblin hits you.
* * * LOW HITPOINT WARNING * * *
The worm bites you.
* * * LOW HITPOINT WARNING * * *
You tentacle-slap the worm. You squeeze the worm.
The worm is heavily wounded.
You constrict the worm.
* * * LOW HITPOINT WARNING * * *
You feel sick. The goblin closely misses you.
Drink which item? (? for menu, Esc to quit)
It was a potion of might.
You feel very mighty all of a sudden.
You constrict the worm. The goblin barely misses you. The worm bites you!
You die...

.###.###.####.#..##.##.# #.# ###.
..#..# #...............# #.# ...
#..#.# #####..#####.######.##.#
..##.# ##..#####.##........##.
.....# #.........##.###..<....
.##### #...########.# ######## .#
#...##.......### .#####
#...##.##....>.######## .....#
#...##@##.#..#........#
.##..######....†wg...........#(..
.##.................#..#..##.#...
.......................#..##.....
#.#.................##.#..####...
.....######<.....................
.....# #...######.......######
#.#### #...# #.#.###.# #.# #...#
#.#.## .#


You could see a worm and a goblin.

Vanquished Creatures
  3 gnolls (D:2)
  4 adders (D:2)
  A dart slug (D:1)
  2 giant geckos
  2 ball pythons
  2 giant cockroaches (D:1)
  5 goblins
  4 hobgoblins
  5 kobolds
  A quokka (D:2)
  5 bats
  3 giant newts
  2 rats
39 creatures vanquished.

Notes
Turn   | Place    | Note
--------------------------------------------------------------
     0 | D:1      | juanjsm the Octopode Transmuter began the quest for the Orb.
     0 | D:1      | Reached XP level 1. HP: 13/13 MP: 3/3
   121 | D:1      | Reached XP level 2. HP: 5/18 MP: 3/5
   647 | D:1      | Reached XP level 3. HP: 15/23 MP: 3/6
   652 | D:1      | Learned a level 3 spell: Spider Form
   728 | D:1      | Reached skill level 1 in Stealth
  1043 | D:2      | Gained mutation: You expend magic power (3 MP) to strengthen your wands. [potion of mutation]
  1043 | D:2      | Gained mutation: You are dopey. (Int -2) [potion of mutation]
  1043 | D:2      | Lost mutation: You are dopey. (Int -2) [potion of mutation]
  1233 | D:2      | Gained mutation: You are robust (+10% HP). [potion of mutation]
  1239 | D:2      | Reached XP level 4. HP: 19/30 MP: 5/7
  1807 | D:3      | Noticed M4edhros's ghost (weakling OpAr)
  2103 | D:2      | HP: 1/30 [poisoned by an adder]
  2104 | D:2      | Mangled by a worm

Skill      XL: |  1  2  3  4 |
---------------+-------------+-----
Stealth        | 1 2 |  2.3
Fighting       | |  1.0
Dodging        | |  2.5
Unarmed Combat | |  3.9
Spellcasting   | |  2.5
Transmutations | |  2.7

Action                   |  1- 3 |  4- 6 || total
-------------------------+-------+-------++-------
Melee: Unarmed           |    72 |    42 ||   114
       Constrict         |    20 |    10 ||    30
       Kick              |    11 |     7 ||    18
       Tentacles         |     6 |     3 ||     9
       Punch             |     1 |       ||     1
 Cast: Beastly Appendage |    17 |     7 ||    24
  Use: Potion            |     3 |     1 ||     4
 Stab: Sleeping          |     3 |     2 ||     5
  Eat: Chunk             |     1 |     3 ||     4
Armor: Skin              |    13 |     1 ||    14
Dodge: Dodged            |    44 |    18 ||    62
